 Dungeon Crawl Stone Soup version 0.22.1-2-g9c5b331 (webtiles) character file.

1979 shakethe the Skirmisher (level 9, -7/72 HPs)
             Began as a Demonspawn Gladiator on Nov 21, 2018.
             Was a Priest of Okawaru.
             Mangled by a wolf (9 damage)
             ... led by Grum
             ... on level 8 of the Dungeon.
             The game lasted 00:16:27 (8291 turns).

shakethe the Skirmisher (Demonspawn Gladiator)      Turns: 8291, Time: 00:16:28

Health: -7/72      AC:  4    Str: 15    XL:     9   Next: 1%
Magic:  0/9        EV: 12    Int: 23    God:    Okawaru [***...]
Gold:   315        SH:  0    Dex: 14    Spells: 8/8 levels left

rFire    . . .     SeeInvis .   o - +1 dagger (venom)
rCold    . . .     Gourm    .   (no shield)
rNeg     . . .     Faith    .   b - +0 leather armour
rPois    .         Spirit   +   (helmet restricted)
rElec    .         Reflect  .   u - +0 cloak
rCorr    .         Harm     .   (no gloves)
MR       .....                  (no boots)
Stlth    ++++......             i - amulet of guardian spirit
HPRegen  0.22/turn              A - +4 ring of intelligence
MPRegen  0.11/turn              l - +6 ring of intelligence

@: hasted, drained, very quick
A: antennae 1, claws 2, hooves 1, demonic guardian 1, nightstalker 1
a: Heroism, Renounce Religion


You were on level 8 of the Dungeon.
You worshipped Okawaru.
Okawaru was most pleased with you.
You were not hungry.

You visited 2 branches of the dungeon, and saw 9 of its levels.

You collected 315 gold pieces.

Inventory:

Hand Weapons
 o - a +1 dagger of venom (weapon)
Missiles
 d - 3 throwing nets (quivered)
Armour
 b - a +0 leather armour (worn)
 c - a +1 helmet
 u - a +0 cloak (worn)
Jewellery
 a - an uncursed ring of ice
 g - an uncursed ring of ice
 i - an amulet of guardian spirit (around neck)
 l - a +6 ring of intelligence (right claw)
 A - a +4 ring of intelligence (left claw)
Wands
 n - a wand of flame (58)
 t - a wand of digging (11)
 z - a wand of paralysis (10)
 B - a wand of iceblast (8)
 C - a wand of scattershot (5)
Scrolls
 m - 5 scrolls of enchant armour
 r - 2 scrolls of amnesia
 s - a scroll of enchant weapon
 v - 3 scrolls of teleportation
 x - a scroll of remove curse {unknown}
 y - 2 scrolls of fear {unknown}
 F - a scroll of magic mapping {unknown}
 G - 2 scrolls of identify
Potions
 e - a potion of lignification {unknown}
 h - 2 potions of degeneration
 j - 2 potions of brilliance
 k - a potion of haste
 p - 2 potions of agility
 q - 2 potions of invisibility
 D - a potion of flight {unknown}
 E - a potion of magic {unknown}
Comestibles
 f - 14 rations


   Skills:
 + Level 7.6(6.8) Fighting
 + Level 6.5(5.7) Short Blades
 - Level 1.7(1.0) Throwing
 - Level 2.6(1.9) Dodging
 + Level 6.3(5.5) Stealth


You had 8 spell levels left.
You didn't know any spells.
Your spell library was empty.

Dungeon Overview and Level Annotations

Branches:
Dungeon (8/15)             Temple (1/1) D:6
   Lair: D:8-11

Altars:
Ashenzari
Cheibriados
Dithmenos
Fedhas
Gozag
Hepliaklqana
Kikubaaqudgha
Makhleb
Nemelex Xobeh
Okawaru
Qazlal
Ru
Sif Muna
Trog
Uskayaw
Wu Jian
Xom
Yredelemnul
Zin
The Shining One

Shops:
D:6 %


Innate Abilities, Weirdness & Mutations

You have a pair of small antennae on your head.
You have very sharp fingernails.
You have large cloven feet.
A weak demonic guardian rushes to your aid.
You are slightly more attuned to the shadows.


Message History

The wolf bites your shadow imp.
A wolf comes into view.
An ogre comes into view. It is wielding a giant club.
You swap places.
A crimson imp comes into view.
The wolf bites you! The wolf closely misses you. The wolf bites you.
You hit the wolf.
The wolf is lightly wounded.
The wolf bites you.
* * * LOW HITPOINT WARNING * * *
The wolf bites you!
* * * LOW HITPOINT WARNING * * *
Your shadow imp hits the wolf but does no damage.
The crimson imp shouts, "Turn tail, thou mangled wibble-sucking mish-mash!"
The crimson imp blinks!
The wolf bites your shadow imp.
Your shadow imp dies!
You feel yourself speed up. The wolf bites you!
* * * LOW HITPOINT WARNING * * *
The wolf barely misses you. The wolf bites you!
You die...

. . . #.#ยง
#...#####
...O.%..#+##+##
.....hh........
....hh@........
..#+####.......
#.......
#.......
#.......
+.......
#.......
#.....Z.


You could see a black bear, an ogre and 3 wolves.

Vanquished Creatures
  A troll (D:6)
  A hungry ghost (D:7)
  An ice beast (D:7)
  A hornet zombie (D:8)
  A sky beast (D:6)
  2 ogres
  A scorpion (D:4)
  Dowan (D:7)
  3 howler monkeys
  A crimson imp (D:7)
  A bullfrog zombie (D:7)
  3 hounds
  A bullfrog skeleton (D:4)
  A jelly (D:6)
  An orc priest (D:5)
  An orc wizard (D:3)
  Ijyb (D:5)
  An iguana (D:5)
  Natasha (D:2)
  6 worker ants
  A hound skeleton (D:4)
  7 adders
  A howler monkey skeleton (D:7)
  2 shadow imps
  An ooze (D:3)
  3 adder skeletons
  4 worms
  3 dart slugs
  4 leopard geckos
  10 orcs
  A ball python (D:2)
  7 bats
  5 giant cockroaches
  9 goblins
  5 hobgoblins
  12 jackals
  2 quokkas
  6 frilled lizards
  A jackal skeleton (D:4)
  12 kobolds
  3 leopard gecko skeletons
  A leopard gecko zombie (D:5)
  A quokka skeleton (D:4)
  11 rats
142 creatures vanquished.

Vanquished Creatures (collateral kills)
  Duvessa (D:7)
  2 ogres
  The ghost of Kotlin the Magician, an amateur DEWz (D:3)
  A bullfrog (D:7)
  2 scorpions (D:7)
  Natasha (twice) (D:2)
  A worker ant zombie (D:6)
  An adder (D:7)
  A leopard gecko (D:7)
12 creatures vanquished.

Grand Total: 154 creatures vanquished

Notes
Turn   | Place    | Note
-------+----------+-------------------------------------------
     0 | D:1      | shakethe the Demonspawn Gladiator began the quest for the
                  | Orb.
     0 | D:1      | Reached XP level 1. HP: 16/16 MP: 1/1
    55 | D:1      | Gained mutation: A weak demonic guardian rushes to your
                  | aid. [demonic ancestry]
    55 | D:1      | Reached XP level 2. HP: 6/23 MP: 2/2
   324 | D:1      | Reached skill level 3 in Fighting
   564 | D:1      | Gained mutation: You are slightly more attuned to the
                  | shadows. [demonic ancestry]
   564 | D:1      | Reached XP level 3. HP: 25/29 MP: 3/3
  1014 | D:2      | Reached skill level 4 in Fighting
  1014 | D:2      | Reached skill level 1 in Stealth
  1014 | D:2      | Gained mutation: You have sharp fingernails. [demonic
                  | ancestry]
  1014 | D:2      | Reached XP level 4. HP: 37/37 MP: 4/4
  1015 | D:2      | Noticed Natasha
  1024 | D:2      | Killed Natasha
  1279 | D:2      | Found an iron altar of Okawaru.
  1280 | D:2      | Found a glowing silver altar of Zin.
  1282 | D:2      | Found a snail-covered altar of Cheibriados.
  1353 | D:2      | Found an opulent altar of Gozag.
  1354 | D:2      | Found a shattered altar of Ashenzari.
  1354 | D:2      | Found a shadowy altar of Dithmenos.
  1354 | D:2      | Found a basalt altar of Yredelemnul.
  1356 | D:2      | Found a blossoming altar of Fedhas.
  1362 | D:2      | Became a worshipper of Warmaster Okawaru
  1368 | D:2      | Found a bloodstained altar of Trog.
  1512 | D:2      | Noticed Natasha
  1518 | D:2      | Killed Natasha
  1629 | D:2      | Noticed Natasha
  1636 | D:2      | Killed Natasha
  1636 | D:2      | Gained mutation: You have very sharp fingernails. [demonic
                  | ancestry]
  1636 | D:2      | Reached XP level 5. HP: 42/42 MP: 5/5
  1764 | D:2      | Found an iron altar of Okawaru.
  1765 | D:2      | Found a glowing silver altar of Zin.
  1767 | D:2      | Found a snail-covered altar of Cheibriados.
  1772 | D:2      | Found an opulent altar of Gozag.
  1772 | D:2      | Found a basalt altar of Yredelemnul.
  1772 | D:2      | Found a shattered altar of Ashenzari.
  1772 | D:2      | Found a shadowy altar of Dithmenos.
  1773 | D:2      | Found a blossoming altar of Fedhas.
  1775 | D:2      | Found a bloodstained altar of Trog.
  2318 | D:3      | Found a runed door.
  2320 | D:3      | Noticed Kotlin's ghost (amateur DEWz)
  2386 | D:3      | Killed Kotlin's ghost
  2863 | D:3      | Found a hide-covered altar of Uskayaw.
  3087 | D:4      | Noticed an ogre
  3092 | D:4      | Killed an ogre
  3092 | D:4      | Reached XP level 6. HP: 32/50 MP: 3/6
  3356 | D:4      | Reached skill level 5 in Fighting
  3698 | D:4      | Reached * piety under Okawaru
  3709 | D:4      | Found an iron altar of Okawaru.
  3795 | D:4      | Reached XP level 7. HP: 56/56 MP: 7/7
  4342 | D:5      | Entered Level 5 of the Dungeon
  4413 | D:5      | Found a stormy altar of Qazlal.
  4749 | D:5      | Noticed Ijyb
  4751 | D:5      | Killed Ijyb
  4853 | D:5      | Reached skill level 6 in Fighting
  4853 | D:5      | Reached skill level 5 in Short Blades
  4915 | D:5      | Reached ** piety under Okawaru
  5577 | D:6      | Found Bupiosos's Food Shoppe.
  5583 | D:6      | Gained mutation: You have large cloven feet. [demonic
                  | ancestry]
  5583 | D:6      | Reached XP level 8. HP: 63/64 MP: 8/8
  5673 | D:6      | Found a staircase to the Ecumenical Temple.
  5705 | D:6      | Noticed a troll
  5730 | Temple   | Entered the Ecumenical Temple
  6130 | D:6      | Killed a troll
  6130 | D:6      | Reached skill level 5 in Stealth
  6659 | D:6      | Found a bloodstained altar of Trog.
  7479 | D:7      | Noticed Dowan
  7489 | D:7      | Killed Dowan
  7489 | D:7      | Reached skill level 7 in Fighting
  7489 | D:7      | Noticed Duvessa
  7519 | D:7      | Killed Duvessa
  7519 | D:7      | Reached *** piety under Okawaru
  8264 | D:8      | Found a sacrificial altar of Ru.
  8286 | D:8      | Gained mutation: You have a pair of small antennae on your
                  | head. [demonic ancestry]
  8286 | D:8      | Reached XP level 9. HP: 33/72 MP: 4/9
  8291 | D:8      | HP: 2/72 [wolf[Grum] (7)]
  8291 | D:8      | Mangled by a wolf

Skill      XL: |  1  2  3  4  5  6  7  8 |
---------------+-------------------------+-----
Fighting       | 3 4 5 6 7 |  7.6
Stealth        | 1 2 3 4 6 |  6.3
Short Blades   | 3 4 5 6 |  6.5
Throwing       | |  1.7
Dodging        | |  2.6

Action                   |  1- 3 |  4- 6 |  7- 9 || total
-------------------------+-------+-------+-------++-------
Melee: Rapier            |    62 |       |       ||    62
       Dagger            |    36 |   181 |   334 ||   551
       Kick              |       |       |    43 ||    43
Invok: Heroism           |       |       |     1 ||     1
  Use: Scroll            |       |     7 |       ||     7
       Potion            |       |     4 |     3 ||     7
 Stab: Sleeping          |     7 |    20 |    10 ||    37
       Distracted        |       |       |     1 ||     1
  Eat: Chunk             |       |     9 |    13 ||    22
       Ration            |       |       |     1 ||     1
Armor: Leather armour    |    17 |    30 |    79 ||   126
Dodge: Dodged            |    72 |    76 |   159 ||   307
